 Dungeon Crawl Stone Soup version 0.25-a0-356-g7c9d860b3b (webtiles) character file.

Game seed: 3785863775576646773, levelgen mode: deterministic

1515 Essalna the Zephyrmancer (level 8, -4/41 HPs)
             Began as a Tengu Air Elementalist on Jan 3, 2020.
             Was a Believer of Vehumet.
             Slain by a sky beast (6 damage)
             ... on level 6 of the Dungeon.
             The game lasted 00:19:33 (5584 turns).

Essalna the Zephyrmancer (Tengu Air Elementalist)   Turns: 5584, Time: 00:19:33

Health: -4/41      AC:  7    Str:  9    XL:     8   Next: 83%
Magic:  17/17      EV: 12    Int: 18    God:    Vehumet [**....]
Gold:   411        SH:  0    Dex: 14    Spells: 7/18 levels left

rFire    . . .     SeeInvis +   r - +3 hand axe (elec)
rCold    . . .     Gourm    .   (no shield)
rNeg     . . .     Faith    .   a - +0 robe
rPois    .         Spirit   .   (helmet restricted)
rElec    .         Reflect  .   i - +0 cloak
rCorr    .         Harm     .   m - +0 pair of gloves
MR       .....                  (boots unavailable)
Stlth    ++........             (no amulet)
HPRegen  0.13/turn              h - +3 ring of protection
MPRegen  0.15/turn              p - ring of see invisible

@: no status effects
A: beak, talons 3, able to fly
a: Fly, Renounce Religion


You were on level 6 of the Dungeon.
You worshipped Vehumet.
Vehumet was pleased with you.
You were hungry.

You visited 1 branch of the dungeon, and saw 6 of its levels.
You also visited: Ossuary.

You collected 411 gold pieces.

Inventory:

Hand Weapons
 e - a +1 dagger of venom
 r - a +3 hand axe of electrocution (weapon)
Armour
 a - a +0 robe (worn)
 i - a +0 cloak (worn)
 m - a +0 pair of gloves (worn)
Magical Staves
 j - an uncursed staff of air {unknown}
Jewellery
 h - a +3 ring of protection (left hand)
 k - an uncursed ring of fire
 p - a ring of see invisible (right hand)
 s - an uncursed ring of wizardry
 u - an uncursed ring of fire
Wands
 v - a wand of digging (5)
 F - a wand of random effects (14)
Scrolls
 d - 8 scrolls of remove curse
 f - a scroll of enchant armour {unknown}
 g - a scroll of fear
 o - a scroll of enchant weapon
 q - 2 scrolls of blinking
 x - 6 scrolls of random uselessness {unknown}
 y - a scroll of magic mapping
 z - 3 scrolls of identify
 B - 3 scrolls of immolation {unknown}
 E - 2 scrolls of fog {unknown}
 G - a scroll of silence {unknown}
 I - a scroll of vulnerability {unknown}
Potions
 b - 2 potions of cancellation
 l - 5 potions of curing
 n - 2 potions of haste
 t - 3 potions of heal wounds
 w - 3 potions of flight
 A - a potion of ambrosia
 C - 3 potions of lignification
 D - 9 potions of degeneration
Comestibles
 c - 7 rations
 H - a chunk of flesh


   Skills:
 - Level 2.1 Dodging
 - Level 2.0 Stealth
 + Level 5.9 Spellcasting
 + Level 8.1 Conjurations
 + Level 9.1 Air Magic


You had 7 spell levels left.
You knew the following spells:

 Your Spells              Type           Power        Failure   Level  Hunger
a - Shock                 Conj/Air       ####         1%          1    None
b - Static Discharge      Conj/Air       #####...     1%          3    ##.....
c - Swiftness             Chrm/Air       ###.....     2%          2    None
d - Lightning Bolt        Conj/Air       #####.....   10%         5    #####..

Your spell library contained the following spells:

 Spells                   Type           Power        Failure   Level  Hunger
 Searing Ray              Conj           ####..       1%          2    None
 Airstrike                Air            #####.....   2%          4    ####...


Dungeon Overview and Level Annotations

Branches:
Dungeon (6/15)             Temple (0/1) D:6         Ossuary (visited)

Altars:
Cheibriados
Okawaru
Vehumet

Shops:
D:4 }   D:6 !


Innate Abilities, Weirdness & Mutations

You have a beak for a mouth.
You have claws for feet.
You can fly continuously.


Message History

The sky beast is almost dead.
The sky beast barely misses you.
You hit the sky beast but do no damage. Your kick misses the sky beast.
Your peck misses the sky beast.
The sky beast is almost dead.
The sky beast hits you but does no damage.
You closely miss the sky beast.
The sky beast is almost dead.
The sky beast flickers out of sight for a moment.
The sky beast hits you.
* * * LOW HITPOINT WARNING * * *
The sky beast shocks you.
* * * LOW HITPOINT WARNING * * *
The sky beast misses you.
You closely miss the sky beast.
The sky beast is almost dead.
The sky beast hits you.
* * * LOW HITPOINT WARNING * * *
The sky beast shocks you.
You die...

#(.....##.##.#####.###
#......+.........[.#..
#.<....#.......#####.#
#...####.......# ###.#
#........#
#.###.#......#
#.#...#......#######
#.#.#####'#####....#
#.#@# #..........#
#.#Y# #.......#### #.#
#........... #'#
#.........## ..<
#####+#...# %....
#......## #.....#
#.....## ###+###
#.....# #.....#


You could see a sky beast (invisible).

Vanquished Creatures
  The ghost of anet the Magician, an amateur GnWz of Ashenzari (D:3)
  Duvessa (D:4)
  A black bear (D:4)
  An ice beast (D:5)
  3 ogres
  Dowan (D:4)
  2 crimson imps (D:5)
  2 centaur zombies (Ossuary)
  A human zombie (Ossuary)
  2 hounds
  3 orc wizards
  An orc priest (D:4)
  An iguana (D:6)
  Terence (D:2)
  A hound zombie (D:6)
  A hound skeleton (D:5)
  5 mummies (Ossuary)
  9 adders
  A shadow imp (D:6)
  2 adder zombies
  5 worms
  3 dart slugs
  7 leopard geckos
  15 orcs
  8 bats
  5 giant cockroaches
  A gnoll zombie (Ossuary)
  8 goblins
  8 hobgoblins
  15 jackals
  A quokka (D:2)
  6 frilled lizards
  A goblin zombie (Ossuary)
  5 kobolds
  A kobold zombie (Ossuary)
  A leopard gecko skeleton (D:5)
  2 orc zombies (Ossuary)
  A quokka skeleton (D:4)
  A quokka zombie (D:5)
  9 rats
143 creatures vanquished.

Vanquished Creatures (others)
  4 toadstools (D:4)
4 creatures vanquished.

Grand Total: 147 creatures vanquished

Notes
Turn   | Place    | Note
-------+----------+-------------------------------------------
     0 | D:1      | Essalna the Tengu Air Elementalist began the quest for the
                  | Orb.
     0 | D:1      | Reached XP level 1. HP: 10/10 MP: 4/4
   207 | D:1      | Reached XP level 2. HP: 15/15 MP: 1/6
   643 | D:1      | Reached XP level 3. HP: 16/19 MP: 2/7
  1150 | D:2      | Noticed Terence
  1158 | D:2      | Killed Terence
  1158 | D:2      | Reached skill level 5 in Air Magic
  1158 | D:2      | Reached XP level 4. HP: 24/24 MP: 1/9
  1559 | D:3      | Found a radiant altar of Vehumet.
  1574 | D:3      | Became a worshipper of Vehumet
  1763 | D:3      | Found a runed translucent door.
  1768 | D:3      | Learned a level 3 spell: Static Discharge
  1782 | D:3      | Noticed anet's ghost (amateur GnWz)
  1799 | D:3      | Found a snail-covered altar of Cheibriados.
  1851 | D:3      | Gained mutation: You can fly continuously. [Tengu growth]
  1851 | D:3      | Reached XP level 5. HP: 25/28 MP: 10/10
  1929 | D:3      | Learned a level 2 spell: Swiftness
  2041 | D:3      | Reached * piety under Vehumet
  2041 | D:3      | Offered knowledge of Foxfire by Vehumet.
  2166 | D:3      | Noticed an ogre
  2190 | D:3      | Killed an ogre
  2190 | D:3      | Reached skill level 6 in Air Magic
  2190 | D:3      | Reached XP level 6. HP: 29/32 MP: 0/12
  2517 | D:3      | Found a runed translucent door.
  2819 | D:3      | Killed anet's ghost
  2819 | D:3      | Reached skill level 5 in Conjurations
  2819 | D:3      | Reached XP level 7. HP: 16/36 MP: 8/14
  3021 | D:4      | Found an iron altar of Okawaru.
  3078 | D:4      | Noticed Dowan
  3079 | D:4      | Reached skill level 7 in Air Magic
  3114 | D:4      | Killed Dowan
  3257 | D:4      | Noticed Duvessa
  3404 | D:4      | Found Muidets's Gadget Shop.
  3411 | D:4      | Reached XP level 8. HP: 41/41 MP: 7/16
  3414 | D:4      | Reached skill level 5 in Spellcasting
  3804 | D:4      | Killed Duvessa
  3804 | D:4      | Reached skill level 8 in Air Magic
  4105 | D:5      | Entered Level 5 of the Dungeon
  4132 | D:5      | Learned a level 5 spell: Lightning Bolt
  4143 | D:5      | Found a snail-covered altar of Cheibriados.
  4315 | D:5      | Found a sand-covered staircase.
  4320 | Ossuary  | Entered an ossuary
  4353 | Ossuary  | Offered knowledge of Searing Ray by Vehumet.
  4368 | Ossuary  | Reached ** piety under Vehumet
  5004 | D:6      | Reached skill level 9 in Air Magic
  5249 | D:6      | Found Joifoah's Distillery.
  5411 | D:6      | Found a staircase to the Ecumenical Temple.
  5584 | D:6      | HP: 2/41 [sky beast (2)]
  5584 | D:6      | Slain by a sky beast

Levels and vault maps discovered:
D:1:      minmay_arrival_five_plusses, layout_rooms
D:2:      layout_loops_ring, first_ration, uniq_terence
D:3:      layout_basic, nicolae_overflow_crystal_walls, lemuel_crystal_altar,
          ebering_ghost_sewer_f
D:4:      layout_loops_cross, okawaru_gym_becter, serial_shops,
          nicolae_shop_crystal, minmay_gold_behind_fungi, uniq_duvessa
D:5:      layout_rooms, enter_ossuary_5, kennysheep_slug_shrine
D:6:      layout_basic, minmay_temple_entry_wispy, serial_shops,
          nicolae_shop_trees

Skill      XL: |  1  2  3  4  5  6  7  8 |
---------------+-------------------------+-----
Conjurations   | 2 3 4 5 6 8 |  8.1
Air Magic      | 5 6 7 9 |  9.1
Spellcasting   | 3 4 5 |  5.9
Dodging        | |  2.1
Stealth        | |  2.0

Action                   |  1- 3 |  4- 6 |  7- 9 || total
-------------------------+-------+-------+-------++-------
Melee: Unarmed           |     8 |       |       ||     8
       Peck              |     5 |    13 |    13 ||    31
       Kick              |     8 |    19 |    17 ||    44
       Dagger            |    33 |    83 |       ||   116
       Hand axe          |       |    20 |   111 ||   131
 Cast: Shock             |    35 |    45 |    87 ||   167
       Static Discharge  |       |     2 |     8 ||    10
       Swiftness         |       |     1 |       ||     1
  Use: Scroll            |       |     8 |     6 ||    14
 Stab: Sleeping          |     5 |     3 |     4 ||    12
       Distracted        |       |     1 |       ||     1
  Eat: Chunk             |     1 |     5 |     6 ||    12
       Ration            |       |     1 |       ||     1
Armor: Robe              |    10 |    49 |    43 ||   102
Dodge: Dodged            |    29 |    73 |    74 ||   176

Table legend:
 A = Non-vault XP
 B = Vault XP
 C = Vault XP percentage of total XP
 D = Non-vault monster count
 E = Vault monster count
 F = Vault count percentage of total count
                 A         B        C        D         E       F
            +---------+---------+-------+---------+---------+-------
      Total |    1392 |     773 |  35.7 |     122 |      21 |  14.7
            +---------+---------+-------+---------+---------+-------
        D:1 |      42 |       0 |   0.0 |      22 |       0 |   0.0
        D:2 |      52 |      32 |  38.1 |      21 |       1 |   4.5
        D:3 |     267 |     289 |  52.0 |      35 |       4 |  10.3
        D:4 |     572 |     211 |  26.9 |      14 |       2 |  12.5
        D:5 |     330 |       4 |   1.2 |      16 |       1 |   5.9
        D:6 |     129 |       0 |   0.0 |      14 |       0 |   0.0
    Ossuary |       0 |     237 | 100.0 |       0 |      13 | 100.0
            +---------+---------+-------+---------+---------+-------
